 Dungeon Sprint DCSS version 0.21.1-1-g345015fe64 (webtiles) character file.

627 Htamos the Grappler (level 7, -1/80 HPs)
             Began as a Troll Berserker on July 13, 2018.
             Was a Priest of Trog.
             Slain by a centaur warrior (10 damage)
             ... in the Dungeon (Sprint I: "Red Sonja").
             The game lasted 00:01:56 (165 turns).

Htamos the Grappler (Troll Berserker)                Turns: 165, Time: 00:01:58

Health: -1/80      AC:  5    Str: 28    XL:     7   Next: 23%
Magic:  6/6        EV: 13    Int:  3    God:    Trog [***...]
Gold:   297        SH:  0    Dex:  9    Spells: 6/6 levels left

rFire    . . .     SeeInvis .     - Unarmed
rCold    . . .     Gourm    +   (no shield)
rNeg     . . .     Faith    .   a - +0 animal skin
rPois    .         Spirit   .   (helmet restricted)
rElec    .         Reflect  .   (no cloak)
rCorr    .         Harm     .   (gloves unavailable)
MR       .....     NoTele   +   (boots unavailable)
Stlth    +.........             (no amulet)
HPRegen  0.63/turn              (no ring)
MPRegen  0.10/turn              (no ring)

@: no status effects
A: large, unfitting armour, claws 3, fast metabolism 3, gourmand, regeneration
1, shaggy fur 1, tough skin 2
a: Berserk, Trog's Hand, Burn Spellbooks, Renounce Religion


You were in the Dungeon.
You worshipped Trog.
Trog was most pleased with you.
You were full.

You visited 1 branch You collected 297 gold pieces.

Inventory:

Armour
 a - a +0 animal skin (worn)
Wands
 i - a wand of digging (14)
 k - a wand of iceblast (9)
Scrolls
 h - a scroll of blinking
Potions
 c - a potion of curing
 d - a potion of heal wounds
 e - a potion of haste
 f - 2 potions of magic
 j - a potion of degeneration {unknown}
Comestibles
 b - 2 rations
 g - 3 chunks of flesh


   Skills:
 + Level 8.1 Fighting
 + Level 8.1 Dodging
 + Level 9.6 Unarmed Combat


You had 6 spell levels left.
You didn't know any spells.

Dungeon Overview and Level Annotations

Branches:
Dungeon (1/1)

Altars:
Cheibriados
Dithmenos
Elyvilon
Fedhas
Gozag
Hepliaklqana
Kikubaaqudgha
Makhleb
Nemelex Xobeh
Okawaru
Qazlal
Ru
Sif Muna
Trog
Uskayaw
Vehumet
Wu Jian
Xom
Yredelemnul
Zin
The Shining One
Jiyva
Lugonu

Shops:
D [


Innate Abilities, Weirdness & Mutations

You are too large for most types of armour.
You have claws for hands.
Your metabolism is lightning-fast.
You like to eat raw meat.
Your natural rate of healing is unusually fast.
You are covered in fur. (AC +1)
You have very tough skin. (AC +2)


Message History

The centaur warrior shoots an arrow.
The arrow hits you!
* * * LOW HITPOINT WARNING * * *
You hear a splash.
The centaur warrior shoots an arrow.
The arrow closely misses you.
You hear a splash.
You see here 3 arrows.
The centaur warrior unwields an uncursed longbow.
The centaur warrior hits you!
* * * LOW HITPOINT WARNING * * *
The centaur warrior unwields an uncursed longbow.
The centaur warrior hits you.
* * * LOW HITPOINT WARNING * * *
You mangle the centaur warrior!!
The centaur warrior is moderately wounded.
The centaur warrior hits you!
* * * LOW HITPOINT WARNING * * *
The centaur warrior hits you!
* * * LOW HITPOINT WARNING * * *
The centaur warrior hits you!
You die...

################
#..').#..'..#__#
').#..').#..'..+
#####'#####'#__####
####..#...#)####§/#
#__####..##[#§§≈§c#
#_____##'#_.§§§§@§+
#_.∩...'..._#≈§§§c#
#_..__##_.#'##+####
#_____###+#.#
####### ###


You could see 2 centaur warriors.

Vanquished Creatures
  A slime creature (D)
  Sigmund (D)
  A yak (D)
  An ogre (D)
  A jelly (D)
  Ijyb (D)
6 creatures vanquished.

Notes
Turn   | Place    | Note
-------+----------+-------------------------------------------
     0 | D        | Htamos the Troll Berserker began the quest for the Orb.
     0 | D        | Reached XP level 1. HP: 22/22 MP: 0/0
     2 | D        | Noticed Ijyb
    11 | D        | Killed Ijyb
    11 | D        | Reached skill level 4 in Unarmed Combat
    11 | D        | Reached XP level 2. HP: 25/31 MP: 1/1
    17 | D        | Noticed an ogre
    23 | D        | Killed an ogre
    23 | D        | Reached skill level 5 in Fighting
    23 | D        | Reached skill level 5 in Dodging
    23 | D        | Reached skill level 6 in Unarmed Combat
    23 | D        | Reached XP level 3. HP: 42/42 MP: 2/2
    23 | D        | Reached XP level 4. HP: 50/50 MP: 3/3
    28 | D        | Noticed Sigmund
    45 | D        | Killed Sigmund
    45 | D        | Reached ** piety under Trog
    45 | D        | Reached skill level 7 in Unarmed Combat
    45 | D        | Reached XP level 5. HP: 41/61 MP: 4/4
    91 | D        | Found a burning altar of Makhleb.
    91 | D        | Found a viscous altar of Jiyva.
    91 | D        | Found a shimmering altar of Xom.
    91 | D        | Found a corrupted altar of Lugonu.
    91 | D        | Noticed a slime creature
    95 | D        | Found an ornate altar of the Wu Jian Council.
    95 | D        | Found a deep blue altar of Sif Muna.
    97 | D        | Found a radiant altar of Vehumet.
   100 | D        | Reached skill level 8 in Unarmed Combat
   100 | D        | Reached XP level 6. HP: 64/68 MP: 5/5
   107 | D        | Killed a slime creature
   107 | D        | Reached skill level 9 in Unarmed Combat
   115 | D        | Found Pashieg's Antique Armour Emporium.
   115 | D        | Found an ancient bone altar of Kikubaaqudgha.
   115 | D        | Found a stormy altar of Qazlal.
   115 | D        | Found a blossoming altar of Fedhas.
   115 | D        | Found a bloodstained altar of Trog.
   115 | D        | Found an iron altar of Okawaru.
   115 | D        | Found a glowing golden altar of the Shining One.
   115 | D        | Found a glowing silver altar of Zin.
   115 | D        | Found a white marble altar of Elyvilon.
   115 | D        | Noticed a yak
   116 | D        | Found a hazy altar of Hepliaklqana.
   116 | D        | Found a hide-covered altar of Uskayaw.
   116 | D        | Found a basalt altar of Yredelemnul.
   116 | D        | Found an opulent altar of Gozag.
   116 | D        | Found a snail-covered altar of Cheibriados.
   116 | D        | Found a sacrificial altar of Ru.
   116 | D        | Found a shadowy altar of Dithmenos.
   121 | D        | Killed a yak
   121 | D        | Reached *** piety under Trog
   121 | D        | Reached XP level 7. HP: 56/80 MP: 6/6
   122 | D        | Found a sparkling altar of Nemelex Xobeh.
   160 | D        | Noticed a centaur warrior
   160 | D        | Noticed a centaur warrior
   165 | D        | Slain by a centaur warrior

Skill      XL: |  1  2  3  4  5  6 |
---------------+-------------------+-----
Fighting       | 3 5 6 8 |  8.1
Dodging        | 3 5 6 8 |  8.1
Unarmed Combat | 4 6 7 8 9 |  9.6

Action                   |  1- 3 |  4- 6 |  7- 9 || total
-------------------------+-------+-------+-------++-------
Melee: Unarmed           |    13 |    15 |     1 ||    29
  Use: Potion            |     1 |       |       ||     1
  Eat: Chunk             |       |     2 |     2 ||     4
Armor: Animal skin       |     1 |     1 |       ||     2
Dodge: Dodged            |     6 |     6 |     1 ||    13
